 Dungeon Crawl Stone Soup version 0.22.1-1-ga44c0e5 (webtiles) character file.

89457 aMcNicky the Fighter (level 15, -6/101 HPs)
             Began as a Gargoyle Earth Elementalist on Oct 18, 2018.
             Was the Champion of Makhleb.
             Mangled by a wolf spider (11 damage)
             ... on level 1 of the Spider Nest on Oct 20, 2018.
             The game lasted 02:41:50 (34843 turns).

aMcNicky the Fighter (Gargoyle Earth Elementalist) Turns: 34843, Time: 02:41:51

Health: -6/101     AC: 51    Str: 17    XL:     15   Next: 97%
Magic:  23/25      EV:  8    Int: 13    God:    Makhleb [******]
Gold:   2764       SH:  0    Dex: 10    Spells: 10/28 levels left

rFire    + + .     SeeInvis .   a - +2 glaive (flame)
rCold    . . .     Gourm    +   (shield currently unavailable)
rNeg     + + +     Faith    .   r - +13 chain mail of Winter {rPois rN+++ Int-4}
rPois    ∞         Spirit   .   K - +0 helmet of Lesax {+Inv rF++}
rElec    +         Reflect  .   v - +2 cloak {MR+}
rCorr    .         Harm     .   q - +1 pair of gloves
MR       ++...                  P - +1 pair of boots
Stlth    ..........             g - amulet of the gourmand
HPRegen  0.26/turn              z - +5 ring of protection
MPRegen  0.19/turn              L - +1 ring of slaying

@: flying, very slightly contaminated
A: big wings, negative energy resistance 1, electricity resistance, unbreathing,
petrification resistance, rot immunity, AC +11
a: Stop Flying, Minor Destruction, Lesser Servant of Makhleb, Major Destruction,
Greater Servant of Makhleb, Renounce Religion, Evoke Invisibility


You were on level 1 of the Spider Nest.
You worshipped Makhleb.
Makhleb was exalted by your worship.
You were not hungry.

You visited 5 branches of the dungeon, and saw 23 of its levels.
You also visited: Bailey and Ice Cave.

You collected 2812 gold pieces.
You spent 48 gold pieces at shops.

Inventory:

Hand Weapons
 a - a +2 glaive of flaming (weapon)
 b - a +0 arbalest
Missiles
 t - 374 stones (quivered)
 y - 3 throwing nets
 E - 108 bolts
Armour
 e - a +0 buckler
 q - a +1 pair of gloves (worn)
 r - the +13 chain mail of Winter (worn) {rPois rN+++ Int-4}
   (You acquired it in an ice cave)

   It affects your intelligence (-4).
   It protects you from poison.
   It renders you almost immune to negative energy.
 v - a +2 cloak of magic resistance (worn)
 K - the +0 helmet of Lesax (worn) {+Inv rF++}
   (You found it on level 10 of the Dungeon)

   It greatly protects you from fire.
   It lets you turn invisible.
 P - a +1 pair of boots (worn)
Magical Staves
 Y - an uncursed staff of cold
 Z - an uncursed staff of air
Jewellery
 g - an amulet of the gourmand (around neck)
 z - a +5 ring of protection (left hand)
 I - an uncursed ring of stealth
 L - a +1 ring of slaying (right hand)
 O - an uncursed ring of fire
 X - an uncursed ring of protection from cold
Wands
 c - a wand of flame (30)
 f - a wand of acid (9)
 B - a wand of paralysis (41)
 J - a wand of disintegration (9)
 N - a wand of scattershot (2)
 T - a wand of polymorph (22)
 W - a wand of random effects (51)
Scrolls
 k - 2 scrolls of magic mapping
 o - a scroll of amnesia
 p - 5 scrolls of teleportation
 u - 4 scrolls of fear
 w - 3 scrolls of blinking
 x - a scroll of noise {unknown}
 D - 4 scrolls of remove curse {@r2}
 G - a scroll of fog {unknown}
 R - 3 scrolls of immolation
Potions
 h - 4 potions of agility
 i - 5 potions of mutation
 j - 9 potions of flight
 l - a potion of berserk rage
 m - 13 potions of curing {@q1}
 n - 2 potions of lignification
 s - 5 potions of brilliance
 A - a potion of invisibility
 C - a potion of ambrosia
 H - 2 potions of might
 M - 2 potions of haste
 Q - a potion of resistance
Miscellaneous
 F - a lamp of fire
 U - a lightning rod (4/4)
Comestibles
 d - 16 rations


   Skills:
 + Level 14.5 Fighting
 * Level 11.9 Polearms
 - Level 1.1(8.5) Staves
 + Level 12.2 Armour
 - Level 1.5 Dodging
 - Level 2.1 Stealth
 - Level 3.8 Shields
 - Level 7.0 Spellcasting
 - Level 7.8 Conjurations
 - Level 3.0 Translocations
 - Level 0.7 Transmutations
 - Level 0.6 Ice Magic
 - Level 10.9 Earth Magic
 + Level 10.3 Invocations
 - Level 4.0 Evocations


You had 10 spell levels left.
You knew the following spells:

 Your Spells              Type           Power        Failure   Level  Hunger
a - Sandblast             Erth           ####..       1%          1    None
b - Stone Arrow           Conj/Erth      ####..       9%          3    ##.....
c - Passwall              Tmut/Erth      ###.....     17%         2    #......
d - Apportation           Tloc           ##....       36%         1    None
e - Lee's Rapid Deconstr  Erth           ####......   36%         5    ######.
f - Bolt of Cold          Conj/Ice       ###.......   100%        6    #######

Your spell library contained the following spells:

 Spells                   Type           Power        Failure   Level  Hunger
 Dazzling Spray           Conj/Hex       ##....       61%         3    ##.....
 Beastly Appendage        Tmut           #.....       67%         1    None
 Gell's Gravitas          Tloc           ##........   73%         3    ##.....
 Lesser Beckoning         Tloc           ##........   73%         3    ##.....
 Petrify                  Tmut/Erth      ###.....     75%         4    ####...
 Animate Skeleton         Necr           N/A          77%         1    None
 Confusing Touch          Hex            #.....       77%         1    None
 Corona                   Hex            #......      77%         1    None
 Summon Butterflies       Summ           #.......     77%         1    None
 Summon Small Mammal      Summ           #...         77%         1    None
 Sticks to Snakes         Tmut           #.......     82%         2    #......
 Ensorcelled Hibernation  Hex/Ice        #.....       86%         2    #......
 Spider Form              Tmut/Pois      #.........   97%         3    ##.....
 Call Canine Familiar     Summ           #.......     98%         3    ##.....
 Confuse                  Hex            #.......     98%         3    ##.....
 Tukima's Dance           Hex            #.......     98%         3    ##.....
 Ice Form                 Ice/Tmut       #.......     100%        4    ####...
 Summon Ice Beast         Ice/Summ       #.......     100%        4    ####...
 Alistair's Intoxication  Tmut/Pois      #.......     100%        5    ######.
 Blade Hands              Tmut           #.........   100%        5    ######.
 Metabolic Englaciation   Hex/Ice        #.........   100%        5    ######.
 Summon Mana Viper        Hex/Summ       #.......     100%        5    ######.
 Yara's Violent Unravell  Hex/Tmut       #.........   100%        5    ######.
 Freezing Cloud           Conj/Ice/Air   ##........   100%        6    #######
 Invisibility             Hex            #.......     100%        6    #######
 Ozocubu's Refrigeration  Ice            #.........   100%        6    #######
 Simulacrum               Ice/Necr       #.........   100%        6    #######
 Summon Hydra             Summ           #.........   100%        7    #######


Dungeon Overview and Level Annotations

Branches:
Dungeon (12/15)            Temple (1/1) D:5            Lair (6/6) D:11
  Swamp (0/4) Lair:4       Spider (2/4) Lair:4        Slime (0/5) Lair:6
    Orc (2/2) D:12            Elf (0/3) Orc:2

Altars:
Cheibriados
Dithmenos
Fedhas
Hepliaklqana
Makhleb
Okawaru
Qazlal
Ru
Trog
Uskayaw
Vehumet
Xom
Zin

Shops:
D:7 %   D:9 *   D:12 (   Orc:2 [*(=

Annotations:
D:8 4 runed doors, Jamjie98's ghost, novice DrFE
D:9 3 runed doors, Jaiteiro's ghost, novice TrFi
Spider:1 exclusion: Roxanne, Roxanne


Innate Abilities, Weirdness & Mutations

You are resistant to torment.
Your stone body is resilient. (AC +11)
You are immune to poison.
Your large and strong wings let you fly indefinitely.
You resist negative energy. (rN+)
You are resistant to electric shocks. (rElec)
You can survive without breathing.
You are immune to petrification.
You are immune to rotting.


Message History

* * * LOW HITPOINT WARNING * * *
The wolf spider bites you.
* * * LOW HITPOINT WARNING * * *
Blink to where?
Press: ? - help, Dir - move target cursor
As you read the scroll of blinking, it crumbles to dust.
Okay, then.
Casting: Stone Arrow (safe; 9% risk of failure)
Confirm with . or Enter, or press ? or * to list all spells.
Aiming: Apportation (safe; 36% risk of failure)
Press: ? - help, Dir - move target cursor, f - you
Okay, then.
Casting: Apportation (safe; 36% risk of failure)
Confirm with . or Enter, or press ? or * to list all spells.
Aiming: Passwall (safe; 17% risk of failure)
Press: ? - help, Dir - move target cursor A rock wall.
You begin to meditate on the wall.
You continue meditating on the rock.
The wolf spider hits you!
You die...

#............†####.....##
#........#.....###^.##.^#
#......###..##..####.#..#
##....#.#....###.##.####.
##.....#...#..##.##.# ##
######....#^..^.#.## #
##.##...####....#####
#...####^#.#....#...#
##...@####..#....#..†#
#...s#.####.#.#####<..
#....#>##...#.#.###4#.
#...##...#.##...##.##.
###....#####.#.....##4##
#...............##.###.#
##........)..s>..#^......
#.^..........#...........
#.#...^...........###.#..


You could see a wolf spider.

Vanquished Creatures
  A frost giant (IceCv)
  An emperor scorpion (Spider:1)
  An orc warlord (Orc:1)
  A fire dragon (Lair:6)
  Harold (D:8)
  A catoblepas (Lair:5)
  3 hydras
  Erica (D:8)
  A centaur warrior (D:12)
  A two-headed ogre (D:12)
  5 death yaks
  3 orc high priests
  Sonja (Lair:2)
  2 lindwurms (Lair:6)
  A swamp dragon (Lair:6)
  5 orc knights
  10 wolf spiders
  5 orc sorcerers
  A deep elf mage (D:12)
  2 ugly things
  A moth of wrath (Spider:2)
  Maurice (D:8)
  An ice statue (IceCv)
  2 centaur zombies
  12 elephants
  2 gargoyles
  8 spiny frogs
  3 black mambas
  2 centaur skeletons
  A torpor snail (Spider:1)
  9 rime drakes
  An eye of devastation (Lair:6)
  7 komodo dragons
  5 demonic crawlers
  2 ice devils (Lair:4)
  19 jumping spiders
  2 trolls
  A hornet (D:9)
  19 polar bears
  A queen bee (D:10)
  Grinder (Temple)
  Prince Ribbit (Lair:1)
  7 dream sheep
  4 hippogriffs
  7 blink frogs
  A shadow (D:11)
  6 tarantellas
  26 redbacks
  66 yaks
  4 basilisks
  2 steam dragons (Lair:6)
  4 wargs
  Purgy (D:3)
  14 porcupines
  A hornet zombie (D:8)
  28 orc warriors
  7 water moccasins
  2 ice beasts
  A sky beast (D:8)
  6 black bears
  4 phantoms
  An eye of draining (Lair:6)
  15 wolves
  4 necrophages (D:10)
  7 ogres
  5 centaurs
  13 crocodiles
  2 big kobolds
  13 bullfrogs
  A wyvern zombie (D:10)
  7 scorpions
  A water moccasin skeleton (D:12)
  25 killer bees
  2 electric eels
  18 wights
  4 howler monkeys
  4 crimson imps
  A bullfrog zombie (D:10)
  7 hounds
  23 orc priests
  3 jellies
  4 bullfrog skeletons
  5 iguanas
  Terence (D:3)
  26 orc wizards
  11 worker ants
  A killer bee zombie (D:6)
  A hound zombie (D:9)
  A hound skeleton (D:6)
  A worker ant zombie (D:11)
  2 howler monkey zombies
  11 adders
  13 gnolls
  A howler monkey skeleton (D:10)
  3 shadow imps
  An ooze (D:3)
  5 worms
  3 adder zombies
  4 leopard geckos
  79 orcs
  5 giant cockroaches
  10 goblins
  6 hobgoblins
  11 jackals
  8 quokkas
  A ball python (D:3)
  12 bats
  5 frilled lizards
  A giant cockroach zombie (D:6)
  A jackal skeleton (D:6)
  A jackal zombie (D:8)
  21 kobolds
  A quokka skeleton (D:4)
  7 rats
  A plant (D:11)
759 creatures vanquished.

Vanquished Creatures (collateral kills)
  An emperor scorpion (Spider:1)
  A dire elephant (Lair:6)
  4 death yaks
  A lindwurm (Lair:6)
  A spiny frog (Lair:6)
8 creatures vanquished.

Vanquished Creatures (others)
  An orc warrior (D:12)
  An iguana (Lair:6)
  A bush (Lair:2)
  18 fungi
  12 plants
33 creatures vanquished.

Grand Total: 800 creatures vanquished

Notes
Turn   | Place    | Note
-------+----------+-------------------------------------------
     0 | D:1      | aMcNicky the Gargoyle Earth Elementalist began the quest
                  | for the Orb.
     0 | D:1      | Reached XP level 1. HP: 10/10 MP: 3/3
   211 | D:1      | Reached skill level 1 in Fighting
   211 | D:1      | Reached XP level 2. HP: 7/16 MP: 0/5
  1087 | D:2      | Reached XP level 3. HP: 20/20 MP: 3/6
  1227 | D:2      | Reached skill level 2 in Fighting
  1385 | D:2      | Reached XP level 4. HP: 26/26 MP: 5/7
  1997 | D:2      | Found a burning altar of Makhleb.
  2002 | D:2      | Became a worshipper of Makhleb the Destroyer
  2308 | D:3      | Reached skill level 5 in Earth Magic
  2308 | D:3      | Reached XP level 5. HP: 31/32 MP: 4/9
  2311 | D:3      | Reached skill level 3 in Fighting
  3073 | D:3      | Learned a level 3 spell: Stone Arrow
  3198 | D:3      | Reached skill level 1 in Invocations
  3379 | D:3      | Noticed Purgy
  3582 | D:3      | Noticed Terence
  3614 | D:3      | Killed Terence
  3701 | D:3      | Learned a level 2 spell: Passwall
  4250 | D:4      | Found a shadowy altar of Dithmenos.
  4451 | D:4      | Reached XP level 6. HP: 36/37 MP: 0/10
  4947 | D:4      | Reached * piety under Makhleb
  5117 | D:4      | Noticed a phantom
  5999 | D:3      | Killed Purgy
  5999 | D:3      | Reached skill level 4 in Fighting
  6523 | D:4      | Killed a phantom
  6523 | D:4      | Reached XP level 7. HP: 43/43 MP: 1/12
  7383 | D:5      | Entered Level 5 of the Dungeon
  7587 | D:5      | Reached skill level 1 in Conjurations
  7932 | D:5      | Found a staircase to the Ecumenical Temple.
  7940 | D:5      | Noticed Grinder
  7956 | Temple   | Entered the Ecumenical Temple
  7959 | Temple   | Paralysed by Grinder for 7 turns
  7984 | Temple   | Killed Grinder
  7984 | Temple   | Reached skill level 5 in Fighting
  7984 | Temple   | Reached XP level 8. HP: 16/49 MP: 2/14
  9207 | D:6      | Reached skill level 1 in Armour
  9860 | D:6      | Reached skill level 6 in Fighting
  9944 | D:7      | Reached XP level 9. HP: 55/55 MP: 15/15
 10337 | D:7      | Reached skill level 5 in Conjurations
 10454 | D:7      | Reached skill level 7 in Fighting
 10454 | D:7      | Reached skill level 1 in Polearms
 10454 | D:7      | Reached skill level 5 in Spellcasting
 10629 | D:7      | Reached ** piety under Makhleb
 10663 | D:7      | Found a snail-covered altar of Cheibriados.
 10767 | D:7      | Found a hazy altar of Hepliaklqana.
 10910 | D:7      | Found a glowing silver altar of Zin.
 11040 | D:7      | Found a bloodstained altar of Trog.
 11051 | D:7      | Found Yrghoun's Food Boutique.
 11224 | D:8      | Found a stormy altar of Qazlal.
 11694 | D:7      | Reached skill level 8 in Fighting
 11722 | D:7      | Reached XP level 10. HP: 57/64 MP: 12/18
 11857 | D:8      | Found a runed gate.
 11857 | D:8      | Found a runed gate.
 11860 | D:8      | Found a runed gate.
 11861 | D:8      | Noticed Jamjie98's ghost (novice DrFE)
 12001 | D:8      | Noticed Harold
 12013 | D:8      | Noticed Erica
 12054 | D:8      | Found a runed door.
 12060 | D:8      | Noticed a sixfirhy
 12143 | D:8      | Noticed Maurice
 12151 | D:8      | Killed Maurice
 12312 | D:8      | Reached *** piety under Makhleb
 12595 | D:8      | Killed Harold
 12595 | D:8      | Reached skill level 9 in Fighting
 12595 | D:8      | Reached skill level 5 in Armour
 12943 | D:8      | Learned a level 1 spell: Apportation
 13341 | D:8      | Killed Erica
 13656 | D:9      | Reached skill level 5 in Polearms
 13975 | D:9      | Reached skill level 10 in Fighting
 13999 | D:9      | Reached XP level 11. HP: 72/72 MP: 0/20
 14158 | D:9      | Found a runed gate.
 14160 | D:9      | Found a runed gate.
 14161 | D:9      | Noticed Jaiteiro's ghost (novice TrFi)
 14163 | D:9      | Found a runed gate.
 14389 | D:9      | Found a blossoming altar of Fedhas.
 14730 | D:9      | Found Sitoewnu's General Store.
 14760 | D:9      | Bought a scroll of teleportation for 48 gold pieces
 14889 | D:10     | Entered Level 10 of the Dungeon
 15302 | D:10     | Reached **** piety under Makhleb
 15360 | D:10     | Reached skill level 11 in Fighting
 15639 | D:10     | Learned a level 5 spell: Lee's Rapid Deconstruction
 16027 | D:10     | Got a dazzling helmet
 16033 | D:10     | Identified the cursed +0 helmet of Lesax {+Inv rF++} (You
                  | found it on level 10 of the Dungeon)
 16158 | D:11     | Reached skill level 1 in Translocations
 16299 | D:11     | Found a flagged portal.
 16315 | Bailey   | Entered a bailey
 16332 | Bailey   | Noticed an orc knight
 16557 | D:11     | Noticed a white ugly thing
 16575 | D:11     | Killed a white ugly thing
 16870 | D:11     | Reached ***** piety under Makhleb
 16886 | D:11     | Reached XP level 12. HP: 67/80 MP: 1/21
 17151 | D:11     | Found a staircase to the Lair.
 17713 | Lair:1   | Entered Level 1 of the Lair of Beasts
 18299 | Lair:1   | Noticed Prince Ribbit
 18310 | Lair:1   | Killed Prince Ribbit
 18424 | Lair:1   | Noticed a six-headed hydra
 18432 | Lair:1   | Killed a six-headed hydra
 19526 | Lair:2   | Noticed Sonja
 19542 | Lair:2   | Killed Sonja
 19542 | Lair:2   | Reached skill level 12 in Fighting
 19991 | Lair:2   | Noticed a death yak
 19991 | Lair:2   | Noticed a death yak
 19991 | Lair:2   | Noticed a death yak
 20111 | Lair:2   | Noticed a death yak
 20129 | Lair:2   | Killed a death yak
 20310 | Lair:2   | Noticed a death yak
 20310 | Lair:2   | Noticed a death yak
 20315 | Lair:2   | Killed a death yak
 20323 | Lair:2   | Killed a death yak
 20323 | Lair:2   | Reached skill level 5 in Invocations
 20390 | Lair:1   | Killed a death yak
 20475 | Lair:1   | Killed a death yak
 20730 | Lair:2   | Killed a death yak
 21586 | Lair:2   | Reached XP level 13. HP: 86/86 MP: 4/23
 22550 | Lair:3   | Reached skill level 10 in Earth Magic
 22917 | Lair:4   | Found a frozen archway.
 23039 | IceCv    | Entered an ice cave
 23563 | IceCv    | Identified a scroll of acquirement
 23589 | IceCv    | Got a pitted chain mail
 23600 | IceCv    | Identified the +13 chain mail of Winter {rPois rN+++ Int-4}
                  | (You acquired it in an ice cave)
 23783 | IceCv    | Got a steaming robe
 23796 | IceCv    | Identified the +0 robe "Gerchema" {Str+2} (You found it in
                  | an ice cave)
 24152 | IceCv    | Reached skill level 10 in Armour
 24296 | IceCv    | Noticed a frost giant
 24319 | IceCv    | Killed a frost giant
 24319 | IceCv    | Reached ****** piety under Makhleb
 24319 | IceCv    | Reached skill level 13 in Fighting
 24424 | IceCv    | Learned a level 6 spell: Bolt of Cold
 24657 | Lair:4   | Found a staircase to the Swamp.
 24834 | Lair:4   | Reached skill level 1 in Staves
 24894 | Lair:4   | Gained mutation: Your large and strong wings let you fly
                  | indefinitely. [Gargoyle growth]
 24894 | Lair:4   | Reached XP level 14. HP: 90/94 MP: 24/24
 25026 | Lair:4   | Reached skill level 1 in Evocations
 25074 | Lair:4   | Found a hole to the Spider Nest.
 25851 | Lair:4   | Reached skill level 1 in Shields
 26581 | Lair:6   | Entered Level 6 of the Lair of Beasts
 27888 | Lair:6   | Found a staircase to the Slime Pits.
 28152 | Lair:6   | Reached skill level 10 in Polearms
 28685 | Lair:6   | Noticed a dire elephant
 28709 | Lair:6   | Killed a dire elephant
 29348 | D:12     | Found Toesoxt's Weapon Shoppe.
 29348 | D:12     | Found a staircase to the Orcish Mines.
 29397 | D:12     | Reached XP level 15. HP: 100/100 MP: 20/25
 30244 | Orc:1    | Entered Level 1 of the Orcish Mines
 30510 | Orc:1    | Found a radiant altar of Vehumet.
 30629 | Orc:2    | Entered Level 2 of the Orcish Mines
 31614 | Orc:2    | Paralysed by an orc sorcerer for 7 turns
 31622 | Orc:1    | Reached skill level 14 in Fighting
 31862 | Orc:2    | Noticed an orc warlord
 32023 | Orc:1    | Killed an orc warlord
 32386 | Orc:2    | Found Omeok's Antique Armour Shop.
 32387 | Orc:2    | Found Minofet's Antique Weapon Shop.
 32389 | Orc:2    | Found Asuder's General Store.
 32389 | Orc:2    | Found Kokhaff's Jewellery Boutique.
 32647 | Orc:2    | Found a staircase to the Elven Halls.
 33154 | Spider:1 | Entered Level 1 of the Spider Nest
 33266 | Spider:1 | Noticed an emperor scorpion
 33311 | Spider:1 | Killed an emperor scorpion
 33499 | Spider:1 | Noticed Roxanne
 33795 | Spider:1 | Reached skill level 10 in Invocations
 34102 | Spider:2 | Noticed an emperor scorpion
 34482 | Spider:1 | Killed an emperor scorpion
 34836 | Spider:1 | HP: 3/101 [wolf spider (4)]
 34843 | Spider:1 | Mangled by a wolf spider

Skill      XL: |  1  2  3  4  5  6  7  8  9 10 11 12 13 14 15 |
---------------+----------------------------------------------+-----
Fighting       | 1 2 3 4 5 6 8 10 11 12 13 14 | 14.5
Earth Magic    | 4 5 6 7 8 9 10 | 10.9
Invocations    | 1 3 5 7 8 10 | 10.3
Spellcasting   | 3 4 5 6 7 |  7.0
Conjurations   | 2 4 5 6 7 |  7.8
Armour         | 2 4 6 7 9 10 11 12 | 12.2
Polearms       | 2 5 7 8 9 10 11 | 11.9
Translocations | 2 3 |  3.0
Staves         | 1 |  1.1
Evocations     | 3 4 |  4.0
Shields        | 3 |  3.8
Dodging        | |  1.5
Stealth        | |  2.1
Transmutations | |  0.7
Ice Magic      | |  0.6

Action                   |  1- 3 |  4- 6 |  7- 9 | 10-12 | 13-15 || total
-------------------------+-------+-------+-------+-------+-------++-------
Melee: Spear             |    46 |    90 |   201 |   302 |       ||   639
       Dagger            |       |   143 |       |       |       ||   143
       Unarmed           |       |    11 |     7 |       |       ||    18
       Whip              |       |       |    25 |       |       ||    25
       Trident           |       |       |       |   324 |  1519 ||  1843
       Staff             |       |       |       |       |    11 ||    11
       Glaive            |       |       |       |       |   829 ||   829
 Fire: Arbalest          |       |       |     2 |    37 |     8 ||    47
Throw: Stone             |     4 |     1 |       |     1 |       ||     6
       Throwing net      |       |       |     1 |       |       ||     1
       Tomahawk          |       |       |       |     8 |       ||     8
 Cast: Sandblast         |    31 |    54 |    72 |   151 |    97 ||   405
       Stone Arrow       |       |    56 |    86 |   113 |    25 ||   280
       Passwall          |       |       |     1 |     5 |     4 ||    10
       Lee's Rapid Decon |       |       |       |    24 |    10 ||    34
Invok: Lesser Servant of |       |       |       |     4 |    10 ||    14
       Major Destruction |       |       |       |       |     3 ||     3
 Abil: Fly               |       |       |       |       |     1 ||     1
Evoke: Wand              |       |       |     4 |     6 |     6 ||    16
  Use: Scroll            |       |     6 |     3 |    10 |    25 ||    44
       Potion            |       |       |     1 |       |     4 ||     5
 Stab: Sleeping          |     4 |       |     1 |     1 |       ||     6
       Distracted        |       |       |     1 |       |     1 ||     2
       Paralysed         |       |       |       |     6 |       ||     6
       Petrified         |       |       |       |       |     1 ||     1
  Eat: Chunk             |     2 |    15 |    13 |    15 |    41 ||    86
       Ration            |       |     3 |     3 |     9 |     4 ||    19
Armor: Robe              |    25 |    65 |    35 |       |       ||   125
       Ring mail         |       |    85 |       |       |       ||    85
       Leather armour    |       |       |   176 |   325 |       ||   501
       Scale mail        |       |       |       |   168 |   173 ||   341
       Chain mail        |       |       |       |       |  2180 ||  2180
       Skin              |       |       |       |       |     2 ||     2
Dodge: Dodged            |    30 |   172 |   233 |   356 |   921 ||  1712
Block: Buckler           |       |     3 |       |       |   104 ||   107
